 Dungeon Crawl Stone Soup version 0.30-a0-304-gdc4b735fe1 (webtiles) character file.

Game seed: 14040087188046574055

115 koil the Sneak (level 4, -2/22 HPs)
             Began as a Spriggan Enchanter on Oct 20, 2022.
             Killed by divine providence
             ... invoked by an orc priest
              (15 damage)
             ... on level 4 of the Dungeon.
             The game lasted 00:05:56 (2550 turns).

koil the Sneak (Spriggan Enchanter)                 Turns: 2550, Time: 00:05:58

Health: -2/22      AC:  2    Str:  4    XL:     4   Next: 68%
Magic:  12/18      EV: 18    Int: 18    God:
Gold:   209        SH:  0    Dex: 15    Spells: 4/9 levels left

rFire   . . .      SeeInvis +    a - +1 dagger
rCold   . . .      Faith    .    (no shield)
rNeg    . . .      Spirit   .    b - +0 robe
rPois   .          Reflect  .    (helmet restricted)
rElec   .          Harm     .    (no cloak)
rCorr   .          Rampage  .    (gloves unavailable)
Will    .....                    (boots unavailable)
Stlth   +++.......               (no amulet)
HPRegen 0.23/turn                g - ring of wizardry
MPRegen 0.16/turn                o - ring of magical power

@: very quick
A: very small, no large weapons, unfitting armour, see invisible, speed 3
a: no special abilities


You were on level 4 of the Dungeon.
You visited 1 branch of the dungeon, and saw 4 of its levels.

You collected 209 gold pieces.

Inventory:

Hand Weapons
 a - a +1 dagger (weapon)
Missiles
 v - 6 poisoned darts (quivered)
Armour
 b - a +0 robe (worn)
Jewellery
 g - a ring of wizardry (left hand)
 n - a +6 ring of strength
 o - a ring of magical power (right hand)
 u - a +4 ring of protection
Wands
 m - a wand of paralysis (11)
 q - a wand of mindburst (7)
Scrolls
 e - 2 scrolls of vulnerability {unknown}
 h - a scroll of magic mapping {unknown}
 k - a scroll of identify {unknown}
 s - a scroll of noise {unknown}
 t - a scroll of brand weapon {unknown}
 w - a scroll of enchant armour {unknown}
Potions
 c - 2 potions of invisibility
 d - a potion of heal wounds {unknown}
 f - 4 potions of curing {unknown}
 i - a potion of might {unknown}
 j - 2 potions of mutation {unknown}
 l - 2 potions of flight {unknown}
 p - a potion of resistance {unknown}
 r - a potion of lignification {unknown}
 x - a potion of magic {unknown}


   Skills:
 + Level 1.1 Fighting
 + Level 2.2 Short Blades
 + Level 3.8 Dodging
 + Level 5.3 Stealth
 + Level 3.3 Spellcasting
 + Level 4.2 Hexes


You had 4 spell levels left.
You knew the following spells:

 Your Spells              Type           Power      Damage    Failure   Level
a - Ensorcelled Hibernat  Hex/Ice        20%        N/A       4%          2
b - Confusing Touch       Hex            18%        N/A       3%          3

Your spell library contained the following spells:

 Spells                   Type           Power      Damage    Failure   Level
 Tukima's Dance           Hex            18%        N/A       3%          3
 Apportation              Tloc           4%         N/A       6%          1
 Kiss of Death            Conj/Necr      8%         2d6       6%          1
 Dazzling Flash           Conj/Hex       20%        N/A       9%          3
 Dispel Undead            Necr           2%         3d7       52%         4
 Alistair's Intoxication  Tmut/Pois      1%         N/A       85%         5


Dungeon Overview and Level Annotations

Branches:
Dungeon (4/15)
 Temple: D:4-7

Altars:
Trog
Wu Jian


Innate Abilities, Weirdness & Mutations

You are very small and have problems with some larger weapons.
You are too small for most types of armour.
You have supernaturally acute eyesight. (SInv)
You cover ground extremely quickly. (Speed+++)


Message History

Magic restored.
You start resting.
HP restored.
You climb downwards.
You hear the hiss of flowing sand.
There is an entrance to an ossuary on this level.
Hurry and find it before the portal is buried!
You hear the sound of rushing water.
There is an entrance to a sewer on this level.
Hurry and find it before the portal rusts away!
You hear the slow hiss of a distant avalanche of sand.
You hear the slow rusting of a distant drain.
The orc misses you. The orc hits you with a +0 flail.
There is a stone staircase leading up here.
Casting: Ensorcelled Hibernation (safe; 4% risk of failure)
Confirm with . or Enter, or press ? or * to list all spells.
Aiming: Ensorcelled Hibernation (safe; 4% risk of failure)
Press: ? - help, Shift-Dir - straight line, f - orc
Aim: an orc, wielding a +0 flail (chance to affect: 62%)
The orc resists with significant effort.
The orc priest mumbles some strange prayers to Beogh against you.
Beogh smites you! The orc completely misses you.
Casting: Ensorcelled Hibernation (safe; 4% risk of failure)
Confirm with . or Enter, or press ? or * to list all spells.
Aiming: Ensorcelled Hibernation (safe; 4% risk of failure)
Press: ? - help, Shift-Dir - straight line, f/p - orc
Aim: an orc, wielding a +0 flail (chance to affect: 62%)
The orc looks drowsy...
The helpless orc fails to defend itself.
You impale the orc!!
You kill the orc!
The orc priest completely misses you. The orc misses you.
Casting: Ensorcelled Hibernation (safe; 4% risk of failure)
Confirm with . or Enter, or press ? or * to list all spells.
Aiming: Ensorcelled Hibernation (safe; 4% risk of failure)
Press: ? - help, Shift-Dir - straight line, f - orc
Aim: an orc, wielding a +0 hand axe (chance to affect: 62%)
The orc looks drowsy...
The orc priest mumbles some strange prayers to Beogh against you.
Beogh smites you!
Ouch! That really hurt!
You die...

##.#####
#......#
#.)###.#
#..###.#
##)..##.#
#..<..#.#
##...#..#
#####..o...####
........@......+
###......o..####
#.###.##.## #.
#.##.# # #....#
####.# .######o#
...!....#
#######o#


You could see an orc priest and an orc (asleep).

Vanquished Creatures
  An orc wizard (D:4)
  3 gnolls (D:3)
  An adder (D:3)
  A worm (D:2)
  3 dart slugs
  2 orcs
  2 endoplasms
  3 giant cockroaches
  3 goblins
  A hobgoblin (D:3)
  2 quokkas (D:1)
  7 ball pythons
  4 bats
  2 frilled lizards
  6 kobolds
  4 rats
45 creatures vanquished.

Vanquished Creatures (others)
  2 plants (D:1)
2 creatures vanquished.

Grand Total: 47 creatures vanquished

Notes
Turn   | Place    | Note
-------+----------+-------------------------------------------
     0 | D:1      | koil the Spriggan Enchanter began the quest for the Orb.
     0 | D:1      | Reached XP level 1. HP: 9/9 MP: 5/5
   122 | D:1      | Reached XP level 2. HP: 8/13 MP: 6/6
   125 | D:1      | Learned a level 2 spell: Ensorcelled Hibernation
  1141 | D:2      | Reached XP level 3. HP: 15/17 MP: 8/8
  1145 | D:2      | Learned a level 3 spell: Confusing Touch
  1241 | D:2      | Found a faded altar of an unknown god.
  1663 | D:3      | Reached skill level 5 in Stealth
  1669 | D:3      | Reached XP level 4. HP: 15/21 MP: 9/9
  1740 | D:3      | Reached skill level 1 in Fighting
  1901 | D:3      | Found an ornate altar of the Wu Jian Council.
  2044 | D:3      | Found a bloodstained altar of Trog.
  2550 | D:4      | Killed from afar by an orc priest

Illustrated notes

Levels and vault maps discovered:
D:1:      amcnicky_arrival_feature_with_door, layout_basic, serial_forest,
          infiniplex_forest_straight_3, infiniplex_forest_clump_medium,
          infiniplex_forest_lined_3, infiniplex_forest_clump_diagonal,
          infiniplex_forest_zigzag_1, infiniplex_forest_lined_3_way,
          infiniplex_forest_clump_medium, nrook_campfire
D:2:      layout_basic, chequers_ecumenical_altar_island
D:3:      layout_loops_cross, trog_antimagical, mainiacjoe_overflow_alcove_1
D:4:      layout_loops_corners, nicolae_overflow_hallway_of_the_gods,
          minmay_temple_entry_steel_oval, nicolae_ossuary_entry_catacombs,
          portal_sewer_entry_a, minmay_checkerbox

Skill      XL: |  1  2  3  4 |
---------------+-------------+-----
Dodging        | 3 |  3.8
Spellcasting   | 3 |  3.3
Stealth        | 5 |  5.3
Hexes          | 4 |  4.2
Short Blades   | 2 |  2.2
Fighting       | 1 |  1.1

Action                   |  1- 3 |  4- 6 || total
-------------------------+-------+-------++-------
Melee: Dagger            |   154 |    36 ||   190
       Punch             |     3 |     1 ||     4
 Cast: Ensorcelled Hiber |     6 |     9 ||    15
 Stab: Sleeping          |    12 |     7 ||    19
       Distracted        |     1 |       ||     1
Armor: Robe              |     8 |     1 ||     9
Dodge: Dodged            |    67 |    27 ||    94

Table legend: (Time is in decaauts)
 A = Elapsed time spent in this place.
 B = Non-inter-level travel time spent in this place.
 C = Inter-level travel time spent in this place.
 D = Time resting spent in this place.
 E = Time spent auto-exploring this place.
 F = Levels seen in this place.
 G = Mean time per level.
                   A        B        C        D        E       F      G
               +--------+--------+--------+--------+--------+-----+--------+
         Total |   1776 |   1730 |     46 |     73 |   1221 |   4 |  444.0 |
       Dungeon |   1776 |   1730 |     46 |     73 |   1221 |   4 |  444.0 |
               +--------+--------+--------+--------+--------+-----+--------+

Top non-repeatable levels by time:
     D:3: 735 daAuts
     D:1: 668 daAuts
     D:2: 329 daAuts
     D:4: 42 daAuts
